 Dungeon Crawl Stone Soup version 0.22.0-36-g8e74550d25 (webtiles) character file.

597 Vespasian the Chopper (level 7, -1/60 HPs)
             Began as a Minotaur Fighter on Aug 24, 2018.
             Was a Follower of Makhleb.
             Killed by divine providence
             ... invoked by an orc priest
              (10 damage)
             ... on level 5 of the Dungeon.
             The game lasted 00:23:34 (4887 turns).

Vespasian the Chopper (Minotaur Fighter)            Turns: 4887, Time: 00:23:34

Health: -1/60      AC:  7    Str: 23    XL:     7   Next: 17%
Magic:  6/6        EV:  9    Int:  5    God:    Makhleb [*.....]
Gold:   45         SH: 10    Dex:  9    Spells: 6/6 levels left

rFire    . . .     SeeInvis .   a - +0 war axe
rCold    . . .     Gourm    .   c - +0 shield
rNeg     + . .     Faith    .   k - +3 leather armour
rPois    .         Spirit   .   (helmet restricted)
rElec    .         Reflect  .   (no cloak)
rCorr    +         Harm     .   (no gloves)
MR       .....                  l - +0 pair of boots
Stlth    +.........             (no amulet)
HPRegen  0.20/turn              v - ring of resist corrosion
MPRegen  0.10/turn              w - ring of positive energy

@: no status effects
A: retaliatory headbutt, horns 2
a: Renounce Religion


You were on level 5 of the Dungeon.
You worshipped Makhleb.
Makhleb was aware of your devotion.
You were not hungry.

You visited 1 branch of the dungeon, and saw 5 of its levels.

You collected 135 gold pieces.
You spent 90 gold pieces at shops.

Inventory:

Hand Weapons
 a - a +0 war axe (weapon)
Armour
 b - a +0 scale mail
 c - a +0 shield (worn)
 i - a +0 plate armour
 k - a +3 leather armour (worn)
 l - a +0 pair of boots (worn)
Jewellery
 u - an uncursed amulet of regeneration {unknown}
 v - a ring of resist corrosion (left hand)
 w - a ring of positive energy (right hand)
 x - an uncursed ring of protection from cold {unknown}
Wands
 y - a wand of clouds (6)
Scrolls
 e - a scroll of noise {unknown}
 g - 3 scrolls of amnesia {unknown}
 j - 2 scrolls of teleportation {unknown}
 m - 3 scrolls of remove curse {unknown}
 q - 2 scrolls of blinking {unknown}
 r - 4 scrolls of identify {unknown}
Potions
 d - a potion of might
 h - 2 potions of lignification {unknown}
 n - a potion of degeneration {unknown}
 o - a potion of invisibility {unknown}
 p - a potion of flight {unknown}
 s - 2 potions of curing
 t - a potion of haste {unknown}
 z - a potion of agility {unknown}
 A - 2 potions of mutation {unknown}
 B - a potion of magic {unknown}
 D - a potion of cancellation {unknown}
Comestibles
 f - 6 rations
 C - 2 chunks of flesh


   Skills:
 * Level 4.9 Fighting
 * Level 7.1 Axes
 + Level 5.2 Armour
 + Level 0.4 Stealth
 + Level 5.1 Shields


You had 6 spell levels left.
You didn't know any spells.
Your spell library was empty.

Dungeon Overview and Level Annotations

Branches:
Dungeon (5/15)
 Temple: D:4-7

Altars:
Dithmenos
Gozag
Hepliaklqana
Makhleb
Qazlal
Vehumet
Zin
The Shining One


Innate Abilities, Weirdness & Mutations

You reflexively headbutt those who attack you in melee.
You have a pair of horns on your head.


Message History

The puff of frost hits you!
* * * LOW HITPOINT WARNING * * *
You block the orc wizard's attack.
You completely miss the orc wizard. Your headbutt misses the orc wizard.
The orc wizard points at you and mumbles some strange words.
The magic dart hits you!
* * * LOW HITPOINT WARNING * * *
The orc wizard barely misses you.
You barely miss the orc wizard. Your headbutt misses the orc wizard.
You closely miss the orc priest.
You feel sick.
You are no longer poisoned.
The orc wizard gestures at you while chanting.
The puff of frost hits you!
* * * LOW HITPOINT WARNING * * *
You block the orc priest's attack.
The orc wizard hits you with an enchanted dagger.
* * * LOW HITPOINT WARNING * * *
The orc priest invokes the aid of Beogh against you.
Beogh smites you!
You die...

####### ## ##.....#
.# #..###.### .#
#.##.....##
.#######.#.8...8.#
.........#......@###
.#####รท#....._....o#
.# #.#.#.......#o# .#
#.[##.8...8.#.# .#
#..###.....##.# ..
...# ###.###..# .#
#.#. #.#.#.## ..
#.##. #...%.# ... .
###.###


You could see an orc priest and an orc wizard.

Vanquished Creatures
  Duvessa (D:5)
  An ice beast (D:5)
  A phantom (D:5)
  Dowan (D:5)
  A hound (D:5)
  An orc priest (D:4)
  A bullfrog skeleton (D:4)
  2 worker ants
  3 adders
  2 worms
  A dart slug (D:1)
  6 leopard geckos
  5 orcs
  A ball python (D:4)
  4 bats
  4 giant cockroaches (D:1)
  12 hobgoblins
  12 jackals
  3 quokkas
  4 frilled lizards
  4 goblins
  8 kobolds
  2 quokka skeletons
  4 rats
84 creatures vanquished.

Notes
Turn   | Place    | Note
-------+----------+-------------------------------------------
     0 | D:1      | Vespasian the Minotaur Fighter began the quest for the Orb.
     0 | D:1      | Reached XP level 1. HP: 19/19 MP: 0/0
    81 | D:1      | Reached XP level 2. HP: 26/27 MP: 1/1
   521 | D:1      | Reached skill level 3 in Axes
   584 | D:1      | Reached XP level 3. HP: 28/33 MP: 2/2
  1129 | D:2      | Found a radiant altar of Vehumet.
  1131 | D:2      | Found a glowing golden altar of the Shining One.
  1145 | D:2      | Found a burning altar of Makhleb.
  1149 | D:2      | Became a worshipper of Makhleb the Destroyer
  1155 | D:2      | Found a stormy altar of Qazlal.
  2348 | D:3      | Reached XP level 4. HP: 37/40 MP: 3/3
  2365 | D:3      | Found a hazy altar of Hepliaklqana.
  2759 | D:3      | Reached * piety under Makhleb
  2915 | D:3      | Paralysed by fainting for 7 turns
  2938 | D:3      | Paralysed by fainting for 10 turns
  2954 | D:3      | Paralysed by fainting for 11 turns
  2971 | D:3      | Paralysed by fainting for 8 turns
  3005 | D:3      | Paralysed by fainting for 10 turns
  3073 | D:3      | Reached skill level 4 in Axes
  3342 | D:4      | Reached XP level 5. HP: 38/46 MP: 4/4
  3978 | D:4      | Found Zin's Purification Station.
  3978 | D:4      | Found a glowing silver altar of Zin.
  4050 | D:4      | Bought a potion of curing for 90 gold pieces
  4304 | D:4      | Reached skill level 5 in Axes
  4532 | D:5      | Entered Level 5 of the Dungeon
  4553 | D:5      | Found a shadowy altar of Dithmenos.
  4553 | D:5      | Noticed a phantom
  4561 | D:5      | Killed a phantom
  4561 | D:5      | Reached XP level 6. HP: 53/53 MP: 5/5
  4611 | D:5      | Noticed Duvessa
  4611 | D:5      | Noticed Dowan
  4612 | D:5      | Noticed an ice beast
  4622 | D:5      | Killed an ice beast
  4622 | D:5      | Reached skill level 6 in Axes
  4622 | D:5      | Reached skill level 5 in Armour
  4622 | D:5      | Reached skill level 5 in Shields
  4628 | D:5      | Killed Duvessa
  4637 | D:5      | Killed Dowan
  4637 | D:5      | Reached XP level 7. HP: 43/60 MP: 6/6
  4825 | D:5      | Found an opulent altar of Gozag.
  4869 | D:5      | Reached skill level 7 in Axes
  4887 | D:5      | Killed from afar by an orc priest

Skill      XL: |  1  2  3  4  5  6  7 |
---------------+----------------------+-----
Shields        | 4 5 |  5.1
Fighting       | 4 |  4.9
Armour         | 4 5 |  5.2
Axes           | 3 4 5 6 7 |  7.1
Stealth        | |  0.4

Action                   |  1- 3 |  4- 6 |  7- 9 || total
-------------------------+-------+-------+-------++-------
Melee: War axe           |   142 |   107 |    15 ||   264
       Headbutt          |    19 |    17 |     4 ||    40
  Eat: Chunk             |     4 |       |       ||     4
       Ration            |       |     3 |       ||     3
Armor: Plate armour      |    68 |    45 |       ||   113
       Scale mail        |     7 |       |       ||     7
       Leather armour    |       |     9 |     8 ||    17
Dodge: Dodged            |    24 |    30 |     6 ||    60
Block: Shield            |    75 |    68 |    11 ||   154
